 Dungeon Crawl Stone Soup version 0.29-a0-886-gfb1a3fa8b1 (webtiles) character file.

Game seed: 4126083787047152056

71 Locuples the Covered (level 4, 0/40 HPs)
             Began as a Meteoran Fighter on July 21, 2022.
             Slain by a gnoll
             ... wielding a +0 whip
              (3 damage)
             ... on level 2 of the Dungeon.
             The game lasted 00:02:53 (730 turns).

Locuples the Covered (Meteoran Fighter)              Turns: 730, Time: 00:02:54

Health: 0/40       AC:  7    Str: 19    XL:     4   Next: 75%
Magic:  5/5        EV:  9    Int:  9    God:
Gold:   82         SH:  5    Dex: 14    Spells: 3/3 levels left

rFire   . . .      SeeInvis .   a - +0 flail
rCold   . . .      Faith    .   c - +0 buckler
rNeg    . . .      Spirit   .   b - +0 scale mail
rPois   .          Reflect  .   (no helmet)
rElec   .          Harm     .   (no cloak)
rCorr   .          Rampage  .   (no gloves)
Will    .....                   (no boots)
Stlth   ..........              (no amulet)
HPRegen 0.13/turn               l - ring of wizardry
MPRegen 0.09/turn               (no ring)

@: glowing
A: sense surroundings 1, otherworldly, glowing, explore regen
a: no special abilities


You were on level 2 of the Dungeon.
You visited 1 branch of the dungeon, and saw 2 of its levels.

You collected 82 gold pieces.

Inventory:

Hand Weapons
 a - a +0 flail (weapon)
Missiles
 k - a throwing net (quivered)
Armour
 b - a +0 scale mail (worn)
 c - a +0 buckler (worn)
Jewellery
 l - a ring of wizardry (left hand)
Scrolls
 e - a scroll of vulnerability {unknown}
 f - a scroll of noise {unknown}
 g - a scroll of summoning {unknown}
 h - a scroll of blinking {unknown}
 i - a scroll of identify {unknown}
Potions
 d - a potion of might
 j - a potion of degeneration {unknown}
 m - a potion of heal wounds {unknown}
 n - 2 potions of resistance {unknown}
 o - a potion of curing {unknown}


   Skills:
 + Level 3.8 Fighting
 + Level 3.7 Maces & Flails
 + Level 4.5 Armour
 + Level 4.2 Shields


You had 3 spell levels left.
You didn't know any spells.
Your spell library was empty.

Dungeon Overview and Level Annotations

Branches:
Dungeon (2/15) Zot: 435

Altars:


Innate Abilities, Weirdness & Mutations

You passively map a small area around you.
You are easily found by Zot.
You glow in the dark.
You regain HP and MP as you explore.


Message History

The gnoll barely misses you.
You hit the gnoll but do no damage.
The gnoll is moderately wounded.
You block the gnoll's attack. The gnoll hits you with a +0 halberd.
You hit the gnoll.
The gnoll is severely wounded.
The gnoll hits you with a +0 halberd!
You closely miss the gnoll.
The gnoll is severely wounded.
The gnoll hits you but does no damage.
You hit the gnoll.
The gnoll is almost dead.
The gnoll hits you with a +0 halberd!
You sock the gnoll!
You kill the gnoll!
The gnoll barely misses you.
You closely miss the gnoll. The gnoll hits you with a +0 flail.
* * * LOW HITPOINT WARNING * * *
You closely miss the gnoll. The gnoll closely misses you.
You sock the gnoll!
You kill the gnoll!
The gnoll hits you with a +0 whip.
* * * LOW HITPOINT WARNING * * *
You sock the gnoll!
The gnoll is almost dead.
The gnoll hits you with a +0 whip.
* * * LOW HITPOINT WARNING * * *
You hit the gnoll.
You kill the gnoll!
You sock the gnoll!
The gnoll is heavily wounded.
The gnoll barely misses you. x2
You hit the gnoll but do no damage.
The gnoll is heavily wounded.
The gnoll hits you with a +0 whip.
* * * LOW HITPOINT WARNING * * *
You closely miss the gnoll.
The gnoll is heavily wounded.
The gnoll hits you with a +0 whip.
You die...

* * * * * #. ,# * * #. .# , *##
, #. #.## , .. #.# #... * #. *
#.# #.. , #.# #. #. #.##g# #.#
#. #.#### #..@#** ..######.
#....######..#.# * #<.......
###..#.........##.# #.######)
#......######.<# #.# #.# ####.
#.........###..###.#####.###....
#.....###..............(........
#.........###..#########.######.
#......#### #.†# #.# #.
####.#.######..# #.# #.


You could see a gnoll.

Vanquished Creatures
  3 gnolls (D:2)
  An adder (D:2)
  A ball python (D:1)
  2 endoplasms (D:1)
  4 giant cockroaches (D:1)
  3 goblins
  4 hobgoblins
  8 quokkas
  A frilled lizard (D:1)
  3 rats
30 creatures vanquished.

Notes
Turn   | Place    | Note
-------+----------+-------------------------------------------
     0 | D:1      | Locuples the Meteoran Fighter began the quest for the Orb.
     0 | D:1      | Reached XP level 1. HP: 19/19 MP: 2/2
   181 | D:1      | Found a faded altar of an unknown god.
   218 | D:1      | Reached XP level 2. HP: 25/26 MP: 3/3
   389 | D:1      | Reached XP level 3. HP: 30/31 MP: 4/4
   484 | D:1      | Glimpsed the power of Zot.
   534 | D:1      | Glimpsed the power of Zot.
   663 | D:2      | Reached XP level 4. HP: 29/40 MP: 5/5
   730 | D:2      | Slain by a gnoll

Illustrated notes

Levels and vault maps discovered:
D:1:      beargit_arrival_greenhouse, layout_basic,
          hellmonk_ecumenical_altar_inner_sanctum
D:2:      layout_loops_ring

Skill      XL: |  1  2  3 |
---------------+----------+-----
Armour         | 4 |  4.5
Shields        | 4 |  4.2
Maces & Flails | 3 |  3.7
Fighting       | |  3.8

Action                   |  1- 3 |  4- 6 || total
-------------------------+-------+-------++-------
Melee: Flail             |    87 |    24 ||   111
Armor: Scale mail        |    51 |     6 ||    57
Dodge: Dodged            |    38 |    11 ||    49
Block: Buckler           |    25 |     3 ||    28

Table legend: (Time is in decaauts)
 A = Elapsed time spent in this place.
 B = Non-inter-level travel time spent in this place.
 C = Inter-level travel time spent in this place.
 D = Time resting spent in this place.
 E = Time spent auto-exploring this place.
 F = Levels seen in this place.
 G = Mean time per level.
                   A        B        C        D        E       F      G
               +--------+--------+--------+--------+--------+-----+--------+
         Total |    762 |    762 |      0 |      0 |    431 |   2 |  381.0 |
       Dungeon |    762 |    762 |      0 |      0 |    431 |   2 |  381.0 |
               +--------+--------+--------+--------+--------+-----+--------+

Top non-repeatable levels by time:
     D:1: 560 daAuts
     D:2: 202 daAuts
